 Dungeon Crawl Stone Soup version 0.30.1 (webtiles) character file.

Game seed: 15626168750082418336

35 monsoonserge the Vexing (level 3, 0/26 HPs)
             Began as a Barachi Hexslinger on July 10, 2023.
             Slain by Robin
             ... wielding a +0 falchion
              (5 damage)
             ... on level 1 of the Dungeon.
             The game lasted 00:03:09 (1255 turns).

monsoonserge the Vexing (Barachi Hexslinger)        Turns: 1255, Time: 00:03:10

Health: 0/26       AC:  2    Str: 11    XL:     3   Next: 33%
Magic:  1/4        EV: 12    Int: 13    God:
Gold:   48         SH:  0    Dex: 14    Spells: 3/4 levels left

rFire   . . .        a - +1 sling
rCold   . . .        (no shield)
rNeg    . . .        c - +0 robe
rPois   .            (no helmet)
rElec   .            (no cloak)
rCorr   .            (no gloves)
SInv    .            (no boots)
Will    .....        (no amulet)
Stlth   +            (no ring)
HPRegen 0.24/turn    (no ring)
MPRegen 0.09/turn

%: no passive effects
@: unable to hop, slow
A: amphibious, slowness 1, strong legs 1, +LOS
a: Hop


You were on level 1 of the Dungeon.
You visited 1 branch of the dungeon, and saw 2 of its levels.

You collected 48 gold pieces.

Inventory:

Hand Weapons
 a - a +1 sling (weapon)
 d - a +0 scimitar
Missiles
 m - 6 silver javelins
Armour
 c - a +0 robe (worn)
 l - a +0 scale mail
 o - a +0 ring mail
Scrolls
 b - a scroll of poison
 e - 2 scrolls of immolation {unknown}
 f - a scroll of fear {unknown}
 g - a scroll of silence {unknown}
 h - a scroll of identify {unknown}
 i - a scroll of amnesia {unknown}
 n - a scroll of teleportation {unknown}
Potions
 j - a potion of magic {unknown}
 k - a potion of degeneration {unknown}
 p - a potion of brilliance {unknown}


   Skills:
 + Level 1.5 Fighting
 + Level 3.0 Ranged Weapons
 - Level 2.3 Dodging
 + Level 1.2 Spellcasting
 + Level 3.8 Hexes


You had 3 spell levels left.
You knew the following spells:

 Your Spells              Type           Power      Damage    Failure   Level
a - Slow                  Hex            40%        N/A       6%          1

Your spell library contained the following spells:

 Spells                   Type           Power      Damage    Failure   Level
 Inner Flame              Hex/Fire       5%         N/A       36%         3
 Portal Projectile        Hex/Tloc       10%        N/A       36%         3
 Cause Fear               Hex            5%         N/A       50%         4


Dungeon Overview and Level Annotations

Branches:
Dungeon (2/15)

Altars:

Annotations:
D:1 Robin


Innate Abilities, Weirdness & Mutations

You are amphibious.
You cover ground slowly.
You can hop short distances.
You have an extended range of vision and can be seen from far away.


Message History

The goblin hits you with a +0 club.
* * * LOW HITPOINT WARNING * * *
Robin hits you with a +0 falchion.
* * * LOW HITPOINT WARNING * * *
Fire: a) +1 sling
Press: ? - help, Q - select action, (/) - cycle Shift-Dir - straight line, f - goblin, p - Robin
Aim: a goblin, wielding a +0 club (strong, 50% to hit)
You shoot a sling bullet. The sling bullet hits the goblin.
You kill the goblin!
Robin completely misses you.
Casting: Slow (safe; 6% risk of failure)
Confirm with . or Enter, or press ? or * to list all spells.
Aiming: Slow (safe; 6% risk of failure)
Press: ? - help, Shift-Dir - straight line, f - Robin
Aim: Robin, wielding a +0 falchion, wearing a +0 animal skin and wearing a +0 helmet (chance to affect: 52%) Robin resists with significant effort.
Robin closely misses you.
Casting: Slow (safe; 6% risk of failure)
Confirm with . or Enter, or press ? or * to list all spells.
Aiming: Slow (safe; 6% risk of failure)
Press: ? - help, Shift-Dir - straight line, f/p - Robin
Aim: Robin, wielding a +0 falchion, wearing a +0 animal skin and wearing a +0 helmet (chance to affect: 52%) Robin resists with significant effort.
Robin closely misses you.
Casting: Slow (safe; 6% risk of failure)
Confirm with . or Enter, or press ? or * to list all spells.
Aiming: Slow (safe; 6% risk of failure)
Press: ? - help, Shift-Dir - straight line, f/p - Robin
Aim: Robin, wielding a +0 falchion, wearing a +0 animal skin and wearing a +0 helmet (chance to affect: 52%) Robin seems to slow down.
Robin hits you but does no damage.
Fire: a) +1 sling
Press: ? - help, Q - select action, (/) - cycle Shift-Dir - straight line, f/p - Robin
Aim: Robin, wielding a +0 falchion, wearing a +0 animal skin and wearing a +0 helmet (slow, 65% to hit)
You shoot a sling bullet. The sling bullet barely misses Robin.
Fire: a) +1 sling
Press: ? - help, Q - select action, (/) - cycle Shift-Dir - straight line, f/p - Robin
Aim: Robin, wielding a +0 falchion, wearing a +0 animal skin and wearing a +0 helmet (slow, 65% to hit)
You shoot a sling bullet. The sling bullet hits Robin.
Robin is lightly wounded.
Robin says, "A pitiful Frog like you will never find the ORB!"
Robin hits you with a +0 falchion.
You die...

### #.........# ####
#########.# ##≈≈# #.# ####
##≈≈##### #.#
###..###≈≈##...########## #.#
......##≈≈≈#......>.....# #.#
.....)#≈≈≈##............# #.#
.#..~.≈≈≈≈≈P.#####.########(#
....~~≈≈≈≈.~...)@g..........#
....P≈≈≈~.~..#####.##########
..~~P≈~~.~..## #.#
≈~~~≈≈≈~~...# #.#
P≈≈≈≈P~.....# #.#
≈≈≈~~~P~...## #.#
≈P~~.......#### #.#
≈≈P~..........# #.#
~~....#.......# #.#


You could see Robin (slow).

Vanquished Creatures
  3 ball pythons (D:1)
  2 endoplasms (D:1)
  A giant cockroach (D:1)
  2 hobgoblins (D:1)
  11 jackals (D:1)
  4 bats (D:1)
  2 goblins (D:1)
  4 kobolds (D:1)
  2 rats (D:1)
31 creatures vanquished.

Notes
Turn   | Place    | Note
-------+----------+-------------------------------------------
     0 | D:1      | monsoonserge the Barachi Hexslinger began the quest for the
                  | Orb.
     0 | D:1      | Reached XP level 1. HP: 15/15 MP: 2/2
    71 | D:1      | Reached XP level 2. HP: 18/21 MP: 3/3
   440 | D:1      | Reached XP level 3. HP: 20/26 MP: 4/4
  1240 | D:2      | Noticed Robin
  1255 | D:1      | Slain by Robin

Illustrated notes

Levels and vault maps discovered:
D:1:      scummos_arrival_simple_crosswalls, layout_basic,
          minmay_misc_feat_pillars, chequers_big_river
D:2:      layout_basic, basic_altar, serial_shops, shop, uniq_robin

Skill      XL: |  1  2  3 |
---------------+----------+-----
Ranged Weapons | 3 |  3.0
Fighting       | |  1.5
Dodging        | |  2.3
Spellcasting   | |  1.2
Hexes          | |  3.8

Action                     || total
---------------------------++-------
   Fire: Sling             ||    95
   Cast: Slow              ||     5
Ability: Hop               ||     2
 Armour: Robe              ||    20
  Dodge: Dodged            ||    48
